 Dungeon Crawl Stone Soup version 0.30-a0-591-g3c58d2bc28 (webtiles) character file.

Game seed: 2994106496845378149

84 flotson the Sneak (level 4, -1/35 HPs)
             Began as a Demonspawn Delver on Jan 4, 2023.
             Slain by an elf zombie (4 damage)
             ... in an ossuary.
             The game lasted 00:02:15 (518 turns).

flotson the Sneak (Demonspawn Delver)                Turns: 518, Time: 00:02:16

Health: -1/35      AC:  5    Str: 14    XL:     4   Next: 23%
Magic:  4/4        EV: 12    Int: 11    God:
Gold:   8          SH:  0    Dex: 15    Spells: 3/3 levels left

rFire   . . .      SeeInvis .    a - +0 hand axe
rCold   . . .      Faith    .    (no shield)
rNeg    . . .      Spirit   .    b - +0 leather armour
rPois   .          Reflect  .    f - +0 helmet
rElec   .          Harm     .    (no cloak)
rCorr   .          Rampage  .    k - +0 pair of gloves
Will    .....                    (no boots)
Stlth   +++                      (no amulet)
HPRegen 0.25/turn                (no ring)
MPRegen 0.09/turn                (no ring)

@: no status effects
A: ignite blood 1, sturdy frame 1
a: no special abilities


You were in an ossuary.
You visited 1 branch of the dungeon, and saw 2 of its levels.
You also visited: Ossuary.

You collected 8 gold pieces.

Inventory:

Hand Weapons
 a - a +0 hand axe (weapon)
Armour
 b - a +0 leather armour (worn)
 f - a +0 helmet (worn)
 k - a +0 pair of gloves (worn)
Wands
 g - a wand of digging (3)
Scrolls
 c - a scroll of fog
 d - a scroll of magic mapping
 e - a scroll of fear
 i - a scroll of enchant weapon {unknown}
 j - 3 scrolls of identify {unknown}
 m - a scroll of teleportation {unknown}
 p - a scroll of immolation {unknown}
Potions
 h - 3 potions of might {unknown}
 l - 3 potions of curing {unknown}
 n - a potion of ambrosia {unknown}
 o - a potion of flight {unknown}


   Skills:
 + Level 3.3 Fighting
 + Level 2.2 Axes
 + Level 1.1 Throwing
 + Level 1.1 Armour
 + Level 2.2 Dodging
 + Level 4.8 Stealth
 + Level 1.1 Evocations


You had 3 spell levels left.
You didn't know any spells.
Your spell library was empty.

Dungeon Overview and Level Annotations

Branches:
Dungeon (5/15)            Ossuary (1/1)
 Temple: D:4-7

Altars:


Innate Abilities, Weirdness & Mutations

Your demonic aura sometimes causes spilled blood to erupt in flames.
Your movements are slightly less encumbered by armour. (ER -2)


Message History

You hit the elf zombie.
The elf zombie is severely damaged.
The elf zombie hits you.
* * * LOW HITPOINT WARNING * * *
You hit the elf zombie.
The elf zombie is severely damaged.
The elf zombie hits you.
* * * LOW HITPOINT WARNING * * *
You closely miss the elf zombie.
The elf zombie is severely damaged.
The elf zombie hits you but does no damage.
You barely miss the elf zombie.
The elf zombie is severely damaged.
The elf zombie hits you.
* * * LOW HITPOINT WARNING * * *
You hit the elf zombie.
The elf zombie is severely damaged.
The elf zombie misses you.
You barely miss the elf zombie.
The elf zombie is severely damaged.
The elf zombie barely misses you.
You hit the elf zombie.
The elf zombie is severely damaged.
The elf zombie hits you.
* * * LOW HITPOINT WARNING * * *
You hit the elf zombie.
The elf zombie is almost destroyed.
The elf zombie closely misses you.
You slash the elf zombie!
The elf zombie is almost destroyed.
The elf zombie hits you.
* * * LOW HITPOINT WARNING * * *
You hit the elf zombie.
The elf zombie is almost destroyed.
The elf zombie hits you.
* * * LOW HITPOINT WARNING * * *
You barely miss the elf zombie.
The elf zombie is almost destroyed.
The elf zombie hits you.
You die...

###
###.###
##..@..##
#...Z...#
#.......#
#.......#
##.....##
###.###
#'# ##
###.###
## ##..
##.....##
..##


You could see an elf zombie.

Vanquished Creatures
  An elf zombie (Ossuary)
  An adder (D:4)
  4 orcs (D:4)
  A hobgoblin (D:4)
  2 goblins (D:4)
9 creatures vanquished.

Notes
Turn   | Place    | Note
-------+----------+-------------------------------------------
     0 | D:5      | flotson the Demonspawn Delver began the quest for the Orb.
     0 | D:5      | Reached XP level 1. HP: 18/18 MP: 1/1
    86 | D:5      | Noticed a scorpion
   112 | D:4      | Gained mutation: Your demonic aura sometimes causes spilled
                  | blood to erupt in flames. [demonic ancestry]
   112 | D:4      | Reached XP level 2. HP: 8/24 MP: 2/2
   133 | D:4      | Found a sand-covered staircase.
   241 | D:4      | Noticed a black bear
   253 | Ossuary  | Entered an ossuary
   337 | Ossuary  | Reached skill level 1 in Throwing
   337 | Ossuary  | Reached skill level 1 in Armour
   337 | Ossuary  | Reached skill level 1 in Evocations
   337 | Ossuary  | Reached XP level 3. HP: 3/29 MP: 3/3
   337 | Ossuary  | Gained mutation: Your movements are slightly less
                  | encumbered by armour. (ER -2) [demonic ancestry]
   337 | Ossuary  | Reached XP level 4. HP: 4/35 MP: 4/4
   518 | Ossuary  | Slain by an elf zombie

Illustrated notes

Levels and vault maps discovered:
D:4:      layout_cave_pools, lightli_temple_of_fire, enter_ossuary_1, uniq_pargi
D:5:      layout_layer_cave, minmay_quadrilaterals
Ossuary:  ossuary_minmay_four_chambers

Skill      XL: |  1  2 |
---------------+-------+-----
Dodging        | 2 |  2.2
Axes           | 2 |  2.2
Throwing       | 1 |  1.1
Armour         | 1 |  1.1
Evocations     | 1 |  1.1
Fighting       | |  3.3
Stealth        | |  4.8

Action                   |  1- 3 |  4- 6 || total
-------------------------+-------+-------++-------
Melee: Hand axe          |    54 |    32 ||    86
Throw: Dart              |     4 |       ||     4
  Use: Potion            |     1 |       ||     1
 Stab: Sleeping          |     2 |       ||     2
Armor: Leather armour    |    12 |     3 ||    15
Dodge: Dodged            |    26 |    12 ||    38

Table legend: (Time is in decaauts)
 A = Elapsed time spent in this place.
 B = Non-inter-level travel time spent in this place.
 C = Inter-level travel time spent in this place.
 D = Time resting spent in this place.
 E = Time spent auto-exploring this place.
 F = Levels seen in this place.
 G = Mean time per level.
                   A        B        C        D        E       F      G
               +--------+--------+--------+--------+--------+-----+--------+
         Total |    516 |    516 |      0 |    118 |    126 |   3 |  172.0 |
       Dungeon |    242 |    242 |      0 |      0 |     70 |   2 |  121.0 |
       Ossuary |    274 |    274 |      0 |    118 |     56 |   1 |  274.0 |
               +--------+--------+--------+--------+--------+-----+--------+

Top non-repeatable levels by time:
 Ossuary: 274 daAuts
     D:4: 153 daAuts
     D:5: 89 daAuts
